Map: Acid Plant LE

Players

Cin

  • Race: Zerg Zerg
  • League: Master
  • Spawn Location: 5:00

JagGed - Winner!

  • Race: Zerg Zerg
  • League: Diamond
  • Spawn Location: 11:00

VOD

Have the link to the VOD?

Description

Time

  • Played on: Sept. 25, 2018, 8:30 a.m.
  • Length: 5:58
Show
View Real Time Build Order
Export as new Build Order

Cin Zerg 

Build Orders: Hatch First, Roach Nydus 

Get SALT Encoding   

  12  0:01  Drone  
  13  0:13  Overlord  
  13  0:17  Drone  
  14  0:31  Drone x2  
  14  0:35  Drone  
  17  0:52  Hatchery  
  17  0:55  Drone  
  17  0:58  Drone  
  18  1:09  Extractor  
  17  1:15  Spawning Pool  
  17  1:17  Drone  
  17  1:20  Drone  
  18  1:29  Drone  
  19  1:42  Overlord  
  19  1:56  Drone  
  21  2:01  Drone  
  21  2:03  Queen  
  21  2:04  Drone  
  21  2:05  Queen  
  26  2:12  Metabolic Boost  
  26  2:13  Zergling x2  
  27  2:19  Drone  
  27  2:22  Drone  
  29  2:26  Drone  
  30  2:32  Extractor  
  30  2:33  Drone  
  30  2:39  Drone  
  31  2:48  Drone  
  31  2:49  Drone  
  33  2:52  Lair  
  33  2:58  Roach Warren, Queen  
  34  3:13  Drone x2, Overlord  
  34  3:16  Overlord  
  36  3:30  Overlord  
  36  3:38  Roach x2  
  36  3:39  Roach x2  
  36  3:40  Roach  
  45  3:53  Roach x3  
  51  4:13  Roach, Nydus Network  
  52  4:18  Zergling x6  
  55  4:25  Roach x2  
  59  4:37  Overlord  
  59  4:55  Queen  
  59  4:56  Overlord  
  59  4:57  Roach x2  
  59  4:59  Nydus Canal  
  65  5:05  Roach  
  67  5:27  Roach x2  
  69  5:32  Roach  
Show
View Real Time Build Order
Export as new Build Order

JagGed Zerg - Winner!

Build Orders: Hatch First 

Get SALT Encoding   

  12  0:02  Drone  
  13  0:14  Overlord  
  13  0:17  Drone  
  14  0:34  Drone x2  
  16  0:49  Hatchery  
  15  0:53  Drone  
  16  0:58  Drone  
  17  1:12  Extractor  
  17  1:14  Spawning Pool  
  17  1:16  Drone  
  16  1:20  Drone  
  16  1:25  Drone  
  18  1:32  Drone  
  19  1:40  Overlord  
  19  2:03  Queen x2  
  19  2:07  Drone  
  19  2:08  Drone x2  
  26  2:13  Metabolic Boost  
  27  2:15  Zergling x2  
  27  2:21  Drone  
  28  2:38  Zergling x8  
  28  2:40  Baneling Nest  
  31  2:48  Zergling x2  
  31  2:49  Zergling x2  
  33  2:55  Overlord  
  33  2:58  Drone  
  34  3:07  Zergling x2  
  34  3:08  Zergling x2  
  36  3:15  Drone  
  36  3:16  Zergling x2  
  36  3:17  Zergling x2  
  39  3:20  Zergling x6  
  39  3:24  Zergling x2  
  39  3:25  Zergling x2  
  39  3:26  Baneling x4  
  43  3:38  Zergling x2  
  44  3:41  Zergling x2  
  44  3:45  Zergling x4  
  43  3:51  Zergling x2  
  43  3:52  Zergling x4  
  44  3:58  Zergling x2  
  42  4:04  Zergling x2  
  42  4:09  Lair  
  43  4:12  Roach Warren  
  43  4:13  Extractor  
  41  4:24  Drone x4  
  41  4:29  Overlord  
  44  4:33  Overlord  
  44  4:36  Overlord x2  
  44  4:51  Roach x3  
  44  4:52  Roach  
  52  4:56  Roach  
  52  4:59  Roach  
  56  5:04  Roach  
  58  5:08  Roach  
  58  5:12  Roach  
  62  5:18  Roach  
  62  5:19  Roach  
  66  5:23  Roach  
  65  5:29  Roach  
  57  5:36  Roach  
Tags
 
Add a new tag
Caveats
  • Supply blocks, unpowered buildings, or Contaminate may cause inaccurate times.
  • Supply counts are checked every 10 seconds.